 Dungeon Crawl Stone Soup version 0.31-a0-344-gd109795599 (webtiles) character file.

Game seed: 18390665723883800851

128 mopl the Insei (level 5, -1/34 HPs)
             Began as an Octopode Shapeshifter on July 21, 2023.
             Slain by an orc wizard
             ... wielding a +0 dagger of flaming
              (5 damage)
             ... on level 4 of the Dungeon.
             The game lasted 00:02:41 (1875 turns).

mopl the Insei (Octopode Shapeshifter)              Turns: 1875, Time: 00:02:42

Health: -1/34      AC:  1    Str: 14    XL:     5   Next: 12%
Magic:  5/5        EV: 13    Int: 10    God:
Gold:   167        SH:  4    Dex: 15    Spells: 4/4 levels left

rFire   . .          .
                       - Unarmed
rCold   . . .        f - +0 buckler
rNeg    . . .        (helmet currently unavailable)
rPois   .            (no amulet)
rElec   .            (no ring)
rCorr   .            (no ring)
SInv    .            (no ring)
Will    .....        (no ring)
Stlth   ++           (no ring)
HPRegen 0.25/turn    (no ring)
MPRegen 0.09/turn    (no ring)
                     (no ring)

%: no passive effects
@: beast-form
A: beast (slay +2), almost no armour, amphibious, 8 rings, camouflage 1,
gelatinous body 1, (nimble swimmer 1), tentacles
a: Begin Untransformation


You were on level 4 of the Dungeon.
You were a hulking beast.
You visited 1 branch of the dungeon, and saw 4 of its levels.

You collected 167 gold pieces.

Inventory:

Missiles
 d - 2 javelins
Armour
 f - a +0 buckler (worn)
Talismans
 b - a beast talisman
Wands
 l - a wand of polymorph (11)
Scrolls
 e - 3 scrolls of teleportation {unknown}
 h - a scroll of identify {unknown}
 i - a scroll of blinking {unknown}
 j - a scroll of enchant weapon {unknown}
 k - a scroll of fog {unknown}
 n - a scroll of amnesia {unknown}
 o - a scroll of poison {unknown}
Potions
 a - 2 potions of lignification {!q}
 c - a potion of mutation {unknown}
 g - a potion of resistance {unknown}
 m - 3 potions of enlightenment {unknown}
 p - 2 potions of degeneration {unknown}


   Skills:
 + Level 2.0 Fighting
 + Level 2.6 Dodging
 * Level 4.0 Unarmed Combat
 * Level 3.7 Shapeshifting


You had 4 spell levels left.
You didn't know any spells.
Your spell library contained the following spells:

 Spells                   Type           Power      Damage    Failure   Level
 Cigotuvi's Dreadful Rot  Necr/Pois/Air  0%         N/A       61%         2
 Ignite Poison            Fire/Tmut/Pois 0%         N/A       83%         3
 Freezing Cloud           Conj/Ice/Air   0%         6-21      100%        5


Dungeon Overview and Level Annotations

Branches:
Dungeon (4/15)
 Temple: D:4-7

Altars:
Makhleb
Xom

Shops:
D:1 :!(?


Innate Abilities, Weirdness & Mutations

You are a hulking beast.
Your limbs bulge with bestial killing power. (Slay +2)
You cannot wear most types of armour.
You are amphibious.
You can wear up to eight rings at the same time.
Your skin changes colour to match your surroundings (Stealth+).
Your rubbery body absorbs attacks. (AC +1, EV +1)
((You are camouflaged when in or above water. (Stealth+)))
You have tentacles for arms and can constrict up to eight enemies at once.


Message History

You tentacle-slap the orc but do no damage.
You grab the orc. You squeeze the orc, but do no damage.
You constrict the orc, but do no damage.
The orc hits you but does no damage.
You tentacle-slap the orc. You squeeze the orc.
You kill the orc!
You barely miss something. Your squeeze misses something.
Something hits you but does no damage.
You barely miss something. Your squeeze misses something.
You hear some strange, mumbled words.
You are confused.
You're too confused to attack without stumbling around!
You're too confused to attack without stumbling around!
You're too confused to attack without stumbling around!
You're too confused to attack without stumbling around!
You're too confused to attack without stumbling around!
You tentacle-slap something but do no damage.
Your squeeze misses something. Something hits you. Something burns you.
You're too confused to move!
You hear some strange, mumbled words.
A magic dart appears from out of thin air!
The magic dart hits you!
You're too confused to move!
Something hits you. Something burns you.
You're too confused to move!
You hear some strange, mumbled words.
Something tries to affect you, but you resist.
You tentacle-slap something but do no damage.
Your squeeze misses something. Something hits you. Something burns you.
You closely miss something.
You hear some strange, mumbled words.
A puff of flame appears from out of thin air!
The puff of flame hits you!
* * * LOW HITPOINT WARNING * * *
You tentacle-slap something but do no damage.
Your squeeze misses something.
You feel less confused.
An orc wizard appears from thin air!
Reactivating autopickup.
The orc wizard hits you with a +0 dagger of flaming.
You die...

........................$..
...........................
......##########...........
......# ######...<.......
......# ###.........{......
####..# ........)###.......
......# ##......# ......!
......# ######o# .....##
......##########h# .....#
##...............# .....#
#...#........#### .......
.....#........# .....##
.....+........#
.....#........#
.....#.>......#
.....#........# #........#


You could see an orc wizard.

Vanquished Creatures
  4 adders
  A worm (D:3)
  2 dart slugs
  4 orcs (D:4)
  11 ball pythons
  4 bats
  7 endoplasms
  5 giant cockroaches
  8 goblins
  10 hobgoblins
  3 jackals (D:1)
  4 kobolds
  2 quokkas
  7 frilled lizards
72 creatures vanquished.

Notes
Turn   | Place    | Note
-------+----------+-------------------------------------------
     0 | D:1      | mopl the Octopode Shapeshifter began the quest for the Orb.
     0 | D:1      | Reached XP level 1. HP: 13/13 MP: 1/1
    93 | D:1      | Reached XP level 2. HP: 12/18 MP: 2/2
   147 | D:1      | Found Ocommem's Book Shop.
   202 | D:1      | Found Ephaoclaosa's Distillery.
   280 | D:1      | Found Wafured's Magic Scroll Emporium.
   370 | D:1      | Reached XP level 3. HP: 18/23 MP: 3/3
   489 | D:1      | Found Haover's Weapon Emporium.
   573 | D:2      | Found a shimmering altar of Xom.
   794 | D:2      | Reached XP level 4. HP: 28/28 MP: 4/4
   885 | D:2      | Found a faded altar of an unknown god.
  1607 | D:3      | Found a burning altar of Makhleb.
  1748 | D:4      | Reached skill level 4 in Unarmed Combat
  1749 | D:4      | Reached skill level 2 in Fighting
  1749 | D:4      | Reached XP level 5. HP: 30/34 MP: 5/5
  1875 | D:4      | Slain by an orc wizard

Illustrated notes

Levels and vault maps discovered:
D:1:      dpeg_arrival_solitude, layout_basic, serial_shops,
          nicolae_shop_crystal, shop, shop, shop
D:2:      layout_rooms, basic_ecumenical_altar, basic_altar, minmay_between
D:3:      layout_loops_ring, bloody_makhleb
D:4:      layout_gridville, lemuel_doored_altar, chequers_jeans

Skill      XL: |  1  2  3  4 |
---------------+-------------+-----
Unarmed Combat | 4 |  4.0
Fighting       | 2 |  2.0
Dodging        | |  2.6
Shapeshifting  | |  3.7

Action                     |  1- 3 |  4- 6 || total
---------------------------+-------+-------++-------
  Melee: Unarmed           |    66 |    51 ||   117
         Tentacles         |    14 |    11 ||    25
         Constrict         |    17 |    13 ||    30
         Punch             |     2 |     3 ||     5
   Stab: Sleeping          |     6 |     6 ||    12
 Armour: Skin              |     5 |     4 ||     9
  Dodge: Dodged            |    33 |    19 ||    52
  Block: Buckler           |     1 |     4 ||     5

Table legend: (Time is in decaauts)
 A = Elapsed time spent in this place.
 B = Non-inter-level travel time spent in this place.
 C = Inter-level travel time spent in this place.
 D = Time resting spent in this place.
 E = Time spent auto-exploring this place.
 F = Levels seen in this place.
 G = Mean time per level.
                   A        B        C        D        E       F      G
               +--------+--------+--------+--------+--------+-----+--------+
         Total |   1870 |   1828 |     42 |     67 |   1350 |   4 |  467.5 |
       Dungeon |   1870 |   1828 |     42 |     67 |   1350 |   4 |  467.5 |
               +--------+--------+--------+--------+--------+-----+--------+

Top non-repeatable levels by time:
     D:3: 676 daAuts
     D:1: 568 daAuts
     D:2: 493 daAuts
     D:4: 132 daAuts
